 Seeded DCSS version 0.27-a0-1065-ge809cff456 (webtiles) character file.

Game seed: 1804034943127337514 (custom seed)

1255 oldmanjim the Blocker (level 8, 0/68 HPs)
             Began as a Hill Orc Fighter on Apr 22, 2021.
             Was an Initiate of Gozag.
             Slain by Joseph
             ... wielding a +0 quarterstaff
              (17 damage)
             ... on level 6 of the Dungeon.
             The game lasted 00:26:57 (7050 turns).

oldmanjim the Blocker (Hill Orc Fighter)            Turns: 7050, Time: 00:26:58

Health: 0/68       AC:  6    Str: 21    XL:     8   Next: 51%
Magic:  17/17      EV: 10    Int:  8    God:    Gozag
Gold:   305        SH: 11    Dex: 10    Spells: 7/7 levels left

rFire    + . .     SeeInvis .   a - +1 trident
rCold    . . .     Faith    .   c - +0 kite shield
rNeg     . . .     Spirit   .   w - +3 leather armour {rPois}
rPois    +         Reflect  .   (no helmet)
rElec    .         Harm     .   (no cloak)
rCorr    .         Rampage  .   (no gloves)
Will     .....                  (no boots)
Stlth    +.........             (no amulet)
HPRegen  0.21/turn              A - ring of protection from fire
MPRegen  0.15/turn              s - ring of magical power

@: no status effects
A: no striking features
a: Renounce Religion, Potion Petition, Call Merchant, Bribe Branch


You were on level 6 of the Dungeon.
You worshipped Gozag.
Gozag was aware of your devotion.
You visited 2 branches of the dungeon, and saw 8 of its levels.

You collected 401 gold pieces.
You paid 96 gold pieces to Gozag.

Inventory:

Hand Weapons
 a - a +1 trident (weapon)
 b - a +0 hunting sling
Missiles
 e - 50 sling bullets
 g - 201 stones
 i - 74 bolts
 n - 9 boomerangs (quivered)
Armour
 c - a +0 kite shield (worn)
 l - a +0 scale mail
 w - a +3 leather armour of poison resistance (worn)
Magical Staves
 h - a staff of fire
 x - a staff of poison
Jewellery
 s - a ring of magical power (right hand)
 A - a ring of protection from fire (left hand)
 B - a +4 ring of evasion
Scrolls
 f - a scroll of fear {unknown}
 k - a scroll of enchant weapon
 p - a scroll of magic mapping {unknown}
 r - 2 scrolls of identify {unknown}
 t - a scroll of amnesia {unknown}
 u - a scroll of noise {unknown}
 v - 5 scrolls of teleportation
 y - a scroll of blinking {unknown}
Potions
 d - 2 potions of might
 j - a potion of ambrosia {unknown}
 m - a potion of attraction {unknown}
 o - a potion of lignification {unknown}
 q - 2 potions of curing
 z - a potion of heal wounds {unknown}


   Skills:
 - Level 5.0 Fighting
 - Level 5.0 Polearms
 - Level 4.2 Armour
 + Level 9.6 Shields


You had 7 spell levels left.
You didn't know any spells.
Your spell library contained the following spells:

 Spells                   Type           Power      Damage    Failure   Level
 Corona                   Hex            0%         N/A       69%         1
 Magic Dart               Conj           0%         1d3       69%         1
 Searing Ray              Conj           0%         3d3       83%         2
 Slow                     Hex            0%         N/A       83%         2
 Dazzling Flash           Conj/Hex       0%         N/A       96%         3
 Inner Flame              Hex/Fire       0%         N/A       96%         3
 Portal Projectile        Hex/Tloc       0%         N/A       96%         3
 Cause Fear               Hex            0%         N/A       100%        4
 Fulminant Prism          Conj/Hex       0%         3d6       100%        4
 Iskenderun's Mystic Bla  Conj/Tloc      0%         2d3       100%        4
 Leda's Liquefaction      Hex/Erth       0%         N/A       100%        4


Dungeon Overview and Level Annotations

Branches:
Dungeon (7/15)             Temple (1/1) D:5

Altars:
Ashenzari
Cheibriados
Elyvilon
Gozag
Nemelex Xobeh
Okawaru
Ru
Trog
Uskayaw
Vehumet
Xom
Yredelemnul

Shops:
D:1 ![=:   D:2 (   D:4 (

Annotations:
D:3 Sigmund
D:6 Joseph


Message History

A black bear comes into view.
The black bear growls angrily.
You hit Joseph but do no damage.
Joseph is lightly wounded.
The sky beast hits you but does no damage.
You block Joseph's attack.
You closely miss Joseph.
Joseph is lightly wounded.
The sky beast hits you. The sky beast shocks you. You block Joseph's attack.
The sky beast hits you but does no damage.
Joseph barely misses you.
You climb upwards.
There is a stone staircase leading down here.
You hit Joseph.
Joseph is lightly wounded.
The sky beast barely misses you. Joseph hits you with a +0 quarterstaff!
You closely miss Joseph.
Joseph is lightly wounded.
The sky beast hits you. The sky beast shocks you. Joseph barely misses you.
You block the sky beast's attack.
You barely miss Joseph.
Joseph is lightly wounded.
Joseph hits you with a +0 quarterstaff!
The sky beast hits you but does no damage.
You block Joseph's attack.
You completely miss Joseph.
Joseph is lightly wounded.
The sky beast barely misses you. You block Joseph's attack.
You hit Joseph.
Joseph is lightly wounded.
You block the sky beast's attack. Joseph hits you with a +0 quarterstaff.
You hit Joseph.
Joseph is moderately wounded.
You block the sky beast's attack. Joseph hits you with a +0 quarterstaff!
* * * LOW HITPOINT WARNING * * *
You puncture Joseph!
Joseph is moderately wounded.
The sky beast barely misses you. Joseph hits you with a +0 quarterstaff!
You die...
Your body crumbles into a pile of gold.

#..##..##.....##
#...#...#.)....#
#...#...#......# .
#...#...#......#..
#...#...#......'..
#...#...#.....##..
.#####)..#.....##..
.....#...#.........
###
#....#<.@#.........
...
#....#.@Y#.........
...
#....#..#########..
... ####....#..# ..
... #..#....#..#
##'###..'....#[.#
.....'..#....#..#
....##..#)...'..#
....#####....#..#


You could see Joseph and a sky beast.

Vanquished Creatures
  2 yaks (D:5)
  A water moccasin (D:6)
  An ice beast (D:5)
  Blork the orc (D:4)
  A bullfrog (D:6)
  4 scorpions
  3 hounds
  3 orc priests
  Jessica (D:3)
  Ijyb (D:4)
  3 iguanas
  An orc wizard (D:6)
  A howler monkey skeleton (D:5)
  2 adders
  A white imp (D:5)
  8 orcs
  3 bats
  2 endoplasms
  2 giant cockroaches
  5 goblins
  4 hobgoblins
  7 jackals (D:1)
  4 quokkas
  4 ball pythons
  2 frilled lizards
  3 kobolds
  4 rats
74 creatures vanquished.

Notes
Turn   | Place    | Note
-------+----------+-------------------------------------------
     0 | D:1      | oldmanjim the Hill Orc Fighter began the quest for the Orb.
     0 | D:1      | Reached XP level 1. HP: 19/19 MP: 1/1
    99 | D:1      | Reached XP level 2. HP: 27/27 MP: 2/2
   182 | D:1      | Found Vivvetoe's Distillery.
   463 | D:1      | Found Rijavem's Jewellery Shop.
   479 | D:1      | Found Tuirisumo's Antique Armour Shoppe.
   563 | D:1      | Found Akushrapt's Book Emporium.
   641 | D:1      | Reached XP level 3. HP: 32/33 MP: 3/3
   981 | D:2      | Found a bloodstained altar of Trog.
   995 | D:2      | Found Geqysouna's Antique Weapon Emporium.
  1688 | D:3      | Noticed Jessica
  1694 | D:3      | Killed Jessica
  1695 | D:3      | Reached XP level 4. HP: 32/40 MP: 4/4
  1766 | D:3      | Noticed Sigmund
  2130 | D:4      | Found Ighoitta's Weapon Boutique.
  2141 | D:4      | Noticed Blork the orc
  2141 | D:4      | Noticed Ijyb
  2180 | D:4      | Killed Blork the orc
  2181 | D:4      | Reached skill level 4 in Shields
  2181 | D:4      | Reached XP level 5. HP: 15/47 MP: 5/5
  2444 | D:4      | Killed Ijyb
  2641 | D:4      | Reached skill level 5 in Fighting
  2715 | D:4      | Reached skill level 5 in Shields
  2715 | D:4      | Reached XP level 6. HP: 18/56 MP: 6/6
  3760 | D:5      | Entered Level 5 of the Dungeon
  4072 | D:5      | Noticed an ice beast
  4115 | D:5      | Killed an ice beast
  4116 | D:5      | Reached skill level 5 in Polearms
  4116 | D:5      | Reached XP level 7. HP: 25/61 MP: 7/7
  4477 | D:5      | Reached skill level 6 in Shields
  4858 | D:5      | Found a sparkling altar of Nemelex Xobeh.
  4889 | D:5      | Found a staircase to the Ecumenical Temple.
  4907 | D:5      | Reached skill level 7 in Shields
  4915 | Temple   | Entered the Ecumenical Temple
  4923 | Temple   | Became a worshipper of Gozag Ym Sagoz the Greedy
  5133 | D:5      | Found a broken altar of Ashenzari.
  5542 | D:6      | Noticed a yak
  5542 | D:6      | Noticed a yak
  5542 | D:6      | Noticed a yak
  5542 | D:6      | Noticed a yak
  5572 | D:5      | Killed a yak
  5573 | D:5      | Reached skill level 8 in Shields
  5982 | D:5      | Killed a yak
  5983 | D:5      | Reached XP level 8. HP: 13/68 MP: 8/8
  6723 | D:6      | Reached skill level 9 in Shields
  7032 | D:7      | Noticed Joseph
  7050 | D:6      | Slain by Joseph

Illustrated notes

Levels and vault maps discovered:
D:1:      minmay_arrival_arboretum_small, layout_loops_ring, serial_shops, shop,
          shop_statue, shop, shop_statue
D:2:      layout_loops_cross, basic_altar, serial_shops, shop_statue,
          minmay_misc_feat_plants
D:3:      layout_basic, lemuel_crystal_altar, serial_shops,
          nicolae_shop_behind_doors, uniq_sigmund, uniq_jessica
D:4:      layout_basic, serial_shops, shop_statue, hex_medium,
          uniq_blork_the_orc, uniq_ijyb
D:5:      layout_basic, nemelex_diamond_rough_becter, amcnicky_altar_gilded,
          minmay_temple_entry_offerings, kennysheep_generic_room_6
D:6:      layout_gridville, grunt_dithmenos_shadows, lemuel_round_altar
D:7:      minmay_inner_zag, layout_cave_pools,
          nicolae_kikubaaqudgha_miasma_corner, minmay_manual_maat, uniq_joseph
Temple:   eino_temple_lava

Skill      XL: |  1  2  3  4  5  6  7  8 |
---------------+-------------------------+-----
Fighting       | 4 5 |  5.0
Polearms       | 3 4 5 |  5.0
Armour         | 4 |  4.2
Shields        | 4 5 8 9 |  9.6

Action                   |  1- 3 |  4- 6 |  7- 9 || total
-------------------------+-------+-------+-------++-------
Melee: Trident           |   106 |   107 |   145 ||   358
 Fire: Hunting sling     |       |    25 |    11 ||    36
Throw: Boomerang         |       |       |     8 ||     8
  Use: Scroll            |       |       |     2 ||     2
Armor: Scale mail        |    36 |    25 |       ||    61
       Leather armour    |       |    12 |    25 ||    37
Dodge: Dodged            |    28 |    25 |    45 ||    98
Block: Kite shield       |    41 |    36 |    61 ||   138

Table legend: (Time is in decaauts)
 A = Elapsed time spent in this place.
 B = Non-inter-level travel time spent in this place.
 C = Inter-level travel time spent in this place.
 D = Time resting spent in this place.
 E = Time spent auto-exploring this place.
 F = Levels seen in this place.
 G = Mean time per level.
                   A        B        C        D        E       F      G
               +--------+--------+--------+--------+--------+-----+--------+
         Total |   7159 |   6841 |    318 |   1874 |   3607 |   8 |  894.9 |
       Dungeon |   7081 |   6763 |    318 |   1874 |   3545 |   7 | 1011.6 |
        Temple |     77 |     77 |      0 |      0 |     62 |   1 |   77.0 |
               +--------+--------+--------+--------+--------+-----+--------+

Top non-repeatable levels by time:
     D:5: 2346 daAuts
     D:4: 1739 daAuts
     D:1: 921 daAuts
     D:6: 868 daAuts
     D:2: 679 daAuts
     D:3: 514 daAuts
  Temple: 77 daAuts
     D:7: 11 daAuts
